[ AOE2 MATCH · #513671519 ]
UnrankedPersians vs Vietnamese
Player's team · LOSS
[ REPLAY ANALYSIS · EXTRACTED FROM THE RECORDED GAME ]
Feudal
—
Castle
—
Imperial
—
| APM avg | 32.3 |
| APM peak | 76 |
| eAPM avg | 20.8 |
| Villagers / military | 13 / 0 |
Focus
⚔️ 17.9% · 🌾 82.1%
Feudal
—
Castle
—
Imperial
—
| APM avg | 29.0 |
| APM peak | 53 |
| eAPM avg | 9.8 |
| Villagers / military | 22 / 0 |
Focus
⚔️ 2.0% · 🌾 98.0%
Match map
Initial resources + every placement click. Lines = walls · curves = elevation contours. ◆ gold · ⬟ stone · ● berries · ✦ relic · ◌ wall gap
Your base
[LaOn] Vatos Locos 4 ever's base
Smoothed initial terrain · ◌ = detected wall gap · hover for details
Inputs per minute
— MITOELMEJOR - - [LaOn] Vatos Locos 4 ever
Build order — MITOELMEJOR
18 actions detected in the replay
| 0:02 | Build | House |
| 0:03 | Build | House |
| 0:05 | Build | House |
| 0:06 | queue | Villager (Male) |
| 0:06 | queue | Villager (Male) |
| 0:06 | queue | Villager (Male) |
| 0:06 | queue | Villager (Male) |
| 0:07 | queue | Villager (Male) |
| 1:30 | queue | Villager (Male) |
| 2:42 | queue | Villager (Male) |
| 2:42 | queue | Villager (Male) |
| 3:36 | queue | Villager (Male) |
| 3:36 | queue | Villager (Male) |
| 3:36 | queue | Villager (Male) |
| 4:31 | Research | Loom |
| 5:20 | Build | Town Center |
| 7:37 | queue | Villager (Male) |
| 7:37 | queue | Villager (Male) |
Build order — [LaOn] Vatos Locos 4 ever
27 actions detected in the replay
| 0:00 | queue | Villager (Male) |
| 0:01 | queue | Villager (Male) |
| 0:01 | queue | Villager (Male) |
| 0:01 | queue | Villager (Male) |
| 0:04 | Build | House |
| 0:05 | Build | House |
| 0:58 | Build | House |
| 1:00 | Build | House |
| 1:33 | queue | Villager (Male) |
| 2:12 | queue | Villager (Male) |
| 2:12 | queue | Villager (Male) |
| 2:27 | queue | Villager (Male) |
| 2:27 | queue | Villager (Male) |
| 3:06 | queue | Villager (Male) |
| 3:10 | queue | Villager (Male) |
| 4:06 | queue | Villager (Male) |
| 4:06 | queue | Villager (Male) |
| 4:07 | queue | Villager (Male) |
| 4:12 | Build | Mill |
| 4:33 | queue | Villager (Male) |
| 4:33 | queue | Villager (Male) |
| 6:21 | queue | Villager (Male) |
| 6:21 | queue | Villager (Male) |
| 6:44 | queue | Villager (Male) |
| 7:23 | queue | Villager (Male) |
| 7:23 | queue | Villager (Male) |
| 7:23 | queue | Villager (Male) |
Match timeline
| 8:04 | MITOELMEJOR · resign |
[ AI ANALYSIS · 1 CREDIT ]
What really happened in this match?
Wolo.gg analyzes every decision: build order, eco, micro, common mistakes by bracket. Personalized analysis on WhatsApp or Discord in 30 seconds.
Civ guide
Persians
Perfil
Jugador #23999929